 Dungeon Crawl Stone Soup version 0.30-a0-779-g7971cf19c3 (webtiles) character file.

Game seed: 1114359175461586975

127904 kae the Earth Mage (level 17, -2/109 HPs)
             Began as a Gargoyle Earth Elementalist on Feb 17, 2023.
             Was the Champion of Vehumet.
             Killed from afar by a deep elf zephyrmancer (12 damage)
             ... with a bolt of lightning
             ... on level 1 of the Elven Halls.
             The game lasted 00:33:21 (25383 turns).

kae the Earth Mage (Gargoyle Earth Elementalist)   Turns: 25383, Time: 00:33:21

Health: -2/109     AC: 46    Str: 13    XL:     17   Next: 2%
Magic:  1/33       EV:  9    Int: 37    God:    Vehumet [******]
Gold:   2063       SH:  0    Dex: 12    Spells: 16/40 levels left

rFire   . . .      SeeInvis +    k - staff of earth {!a}
rCold   . . .      Faith    .    (no shield)
rNeg    + . .      Spirit   .    g - +1 chain mail of Past Mistakes {rPois Regen+ Int+3 Dex-2}
rPois   ∞          Reflect  .    R - +2 helmet {Int+3}
rElec   +          Harm     +    e - +2 cloak {Will+}
rCorr   .          Rampage  .    J - +1 pair of gloves of Generosity {Int+4 Dex+4 SInv}
Will    ++...                    X - +0 pair of boots of the Maze {Harm Int+4} Stlth
                                 z - amulet of magic regeneration
HPRegen 1.18/turn                O - +4 ring of protection
MPRegen 0.63/turn                o - +4 ring of protection

@: flying
A: sickness immunity, AC +12, big wings, negative energy resistance 1,
electricity resistance, torment resistance 1, petrification resistance
a: Renounce Religion


You were on level 1 of the Elven Halls.
You worshipped Vehumet.
Vehumet was exalted by your worship.
You visited 5 branches of the dungeon, and saw 24 of its levels.
You also visited: Gauntlet and Ice Cave.

You collected 3407 gold pieces.
You spent 1344 gold pieces at shops.


Innate Abilities, Weirdness & Mutations

You are immune to sickness and miasma.
Your stone body is resilient. (AC +12)
You are immune to poison.
Your large and strong wings let you fly.
You resist negative energy. (rN+)
You are resistant to electric shocks. (rElec)
You are resistant to unholy torment.
You are immune to petrification.


   Skills:
 + Level 13.3 Fighting
 + Level 13.3 Armour
 - Level 8.3 Dodging
 - Level 2.1 Stealth
 + Level 12.4 Spellcasting
 + Level 14.4 Conjurations
 - Level 0.7 Transmutations
 + Level 15.7 Earth Magic


You had 16 spell levels left.
You knew the following spells:

 Your Spells              Type           Power      Damage    Failure   Level
a - Sandblast             Erth           100%       2d20      1%          1
b - Stone Arrow           Conj/Erth      100%       3d13      1%          3
c - Iron Shot             Conj/Erth      58%        9d11      1%          6
d - Lehudib's Crystal Sp  Conj/Erth      58%        10d13     56%         8
e - Passwall              Tmut/Erth      75%        N/A       1%          2
f - Petrify               Tmut/Erth      90%        N/A       8%          4

Your spell library contained the following spells:

 Spells                   Type           Power      Damage    Failure   Level
 Ozocubu's Refrigeration  Ice            11%        4d10      100%        7
 Hailstorm                Conj/Ice       66%        3d14      1%          3
 Freeze                   Ice            92%        1d9       6%          1
 Irradiate                Conj/Tmut      34%        3d23      7%          5
 Lightning Bolt           Conj/Air       33%        1d50      9%          5
 Orb of Destruction       Conj           46%        9d12      13%         7
 Frozen Ramparts          Ice            46%        1d7       17%         3
 Apportation              Tloc           46%        N/A       22%         1
 Slow                     Hex            92%        N/A       22%         1
 Borgnjor's Vile Clutch   Necr/Erth      44%        N/A       24%         5
 Airstrike                Air            11%        2d(2-18)  45%         4
 Confusing Touch          Hex            23%        N/A       54%         3
 Ozocubu's Armour         Ice            23%        N/A       54%         3
 Vampiric Draining        Necr           23%        2d7       54%         3
 Animate Dead             Necr           23%        N/A       91%         4
 Passage of Golubria      Tloc           23%        N/A       91%         4
 Summon Lightning Spire   Summ/Air       23%        N/A       91%         4
 Alistair's Intoxication  Tmut/Pois      16%        N/A       99%         5
 Metabolic Englaciation   Hex/Ice        11%        N/A       99%         5
 Silence                  Hex/Air        11%        N/A       99%         5
 Death Channel            Necr           11%        N/A       100%        6
 Simulacrum               Ice/Necr       11%        N/A       100%        6
 Sublimation of Blood     Necr           Unusable   N/A       N/A         2

Inventory:

Hand Weapons
 y - a +4 scimitar of freezing
   (You took it off a wight on level 8 of the Dungeon)
 E - the +5 falchion of the Madman {protect, +Blink rC++ Int+5}
   (You found it on level 3 of the Lair of Beasts)

   Int:       It affects your intelligence (+5).
   rC:        It greatly protects you from cold.
   +Blink:    It lets you blink.
Armour
 e - a +2 cloak of willpower (worn)
   (You found it on level 13 of the Dungeon)
 g - the +1 chain mail of Past Mistakes (worn) {rPois Regen+ Int+3 Dex-2}
   (You found it on level 8 of the Dungeon)

   Int:       It affects your intelligence (+3).
   Dex:       It affects your dexterity (-2).
   rPois:     It protects you from poison.
   Regen:     It increases your rate of health regeneration.
 J - the +1 pair of gloves of Generosity (worn) {Int+4 Dex+4 SInv}
   (You bought it in a shop on level 2 of the Orcish Mines)

   Int:       It affects your intelligence (+4).
   Dex:       It affects your dexterity (+4).
   SInv:      It lets you see invisible.
 R - a +2 helmet of intelligence (worn)
   (You found it on level 4 of the Lair of Beasts)
 X - the +0 pair of boots of the Maze (worn) {Harm Int+4}
   (You found it in a Gauntlet)

   Int:       It affects your intelligence (+4).
   Harm:      It increases damage dealt and taken.
Magical Staves
 k - a staff of earth (weapon) {!a}
   (You found it on level 8 of the Dungeon)
 p - a staff of conjuration {!a}
   (You found it on level 5 of the Lair of Beasts)
Jewellery
 o - a +4 ring of protection (right hand)
   (You found it on level 3 of the Lair of Beasts)
 z - an amulet of magic regeneration (around neck)
   (You found it on level 7 of the Dungeon)
 C - the ring of Paranoia {Fly rPois}
   (You found it in a Gauntlet)

   [ring of flight]

   rPois:     It protects you from poison.
   Fly:       It grants you flight.
 G - an amulet of guardian spirit
   (You found it on level 11 of the Dungeon)
 O - a +4 ring of protection (left hand)
   (You found it on level 1 of the Dungeon)
 T - an amulet of faith {!P}
   (You found it on level 3 of the Lair of Beasts)
 W - a ring of magical power
   (You found it in an ice cave)
 Z - a ring of wizardry
   (You found it on level 4 of the Dungeon)
Wands
 i - a wand of paralysis (6)
   (You found it in a Gauntlet)
 v - a wand of flame (38)
   (You found it on level 6 of the Dungeon)
 A - a wand of roots (20)
   (You found it on level 7 of the Dungeon)
 B - a wand of digging (26)
   (You found it on level 8 of the Dungeon)
 F - a wand of polymorph (14)
   (You took it off a gnoll on level 8 of the Dungeon)
 M - a wand of mindburst (11)
   (You found it on level 1 of the Lair of Beasts)
 N - a wand of acid (24)
   (You found it on level 1 of the Lair of Beasts)
Scrolls
 a - a scroll of magic mapping {!r}
 c - 16 scrolls of teleportation {@r4}
 h - a scroll of butterflies
 q - 4 scrolls of fog
 s - a scroll of identify {@r1}
 D - 3 scrolls of blinking {!r}
 P - 3 scrolls of enchant armour
 U - 2 scrolls of immolation {!r!r}
 V - a scroll of fear
 Y - 2 scrolls of torment {!r}
Potions
 b - 7 potions of magic
 d - 3 potions of resistance
 f - a potion of berserk rage {!q}
 j - 6 potions of heal wounds {@q2}
 l - 3 potions of invisibility
 m - 5 potions of brilliance
 n - 5 potions of mutation {!q}
 r - 5 potions of lignification {!q}
 t - 3 potions of haste {@q3}
 u - 2 potions of ambrosia
 w - 6 potions of attraction {!q}
 x - 7 potions of curing {@q1}
 K - a potion of cancellation
 S - 5 potions of might
Miscellaneous
 H - a tin of tremorstones (2/2)
   (You found it on level 14 of the Dungeon)
 I - a piece from Xom's chessboard (15/15)
   (You found it on level 9 of the Dungeon)
 L - a phial of floods
   (You found it in an ice cave)

Dungeon Overview and Level Annotations

Branches:
Dungeon (15/15) Zot: 24825  Temple (1/1) D:4 Zot: 5897    Lair (5/5) D:11 Zot: 23802
 Shoals (0/4) Lair:2        Snake (0/4) Lair:3        Slime (0/5) Lair:5
    Orc (2/2) D:9 Zot: 10763     Elf (1/3) Orc:2 Zot: 5645  Vaults (0/5) D:13
 Depths (0/4) D:15          IceCv (visited)         Gauntlet (visited)

Altars:
Ashenzari
Cheibriados
Dithmenos
Elyvilon
Fedhas
Gozag
Hepliaklqana
Kikubaaqudgha
Makhleb
Nemelex Xobeh
Okawaru
Qazlal
Ru
Sif Muna
Trog
Uskayaw
Vehumet
Wu Jian
Xom
Yredelemnul
Zin
The Shining One
Jiyva

Shops:
D:1 *   D:4 !   D:5 !   D:6 **   D:15 !   Orc:1 ?   Orc:2 ([?![

Annotations:
Lair:1 exclusion: door

..............##....#
.....#..............#
.....##.......###...#
...#..○..○....# #.. # .
####.#...#..... #
##°....###### #
##########○..○..#### #
.e......##.#.......# .#
.......)@))........###..#
.......e##).)...#........
.......).................
........###...###........
........###........###...
..................##
.....######.####### ....§
#.# #.# ..... #.# .#.


You could see 2 deep elf zephyrmancers.


Message History

Confirm with . or Enter, or press ? or * to list all spells.
Aiming: Sandblast (safe; 1% risk of failure)
Press: ? - help, Shift-Dir - straight line, f - fire elemental
Aim: a fire elemental (flame, summoned, 82% to hit)
You feel a surge of power!
The blast of sand hits the fire elemental!!
The air elemental is engulfed in blazing flames.
The deep elf pyromancer points at you and mumbles some strange words.
The bolt of fire hits the fire elemental.
The fire elemental completely resists.
The bolt of fire hits you but does no damage. 😱 HP[-18]
You take 18 damage, and now have 13/109 hp.
Unknown command.
Casting: Sandblast (safe; 1% risk of failure)
Confirm with . or Enter, or press ? or * to list all spells.
Aiming: Stone Arrow (safe; 1% risk of failure)
Press: ? - help, Shift-Dir - straight line, f/p - fire elemental
Aim: a fire elemental (almost destroyed, summoned, 72% to hit)
You feel a surge of power!
The stone arrow hits the fire elemental!!
You destroy the fire elemental!
The fire elemental disappears in a puff of smoke! 😱 HP[+1] MP[-2]
You lost 2 mp, and now have 20/33 mp.
Unknown command.
Casting: Stone Arrow (safe; 1% risk of failure)
Confirm with . or Enter, or press ? or * to list all spells.
Aiming: Stone Arrow (safe; 1% risk of failure)
Press: ? - help, Shift-Dir - straight line, f - deep elf zephyrmancer
Aim: a deep elf zephyrmancer, wielding a +0 dagger and wearing a +0 leather armour (69% to hit)
You feel a surge of power!
The stone arrow hits the deep elf zephyrmancer!
The deep elf zephyrmancer gestures at you while chanting.
The bolt of lightning hits you! You resist.
* * * LOW HITPOINT WARNING * * *
The deep elf zephyrmancer casts a spell.
The deep elf zephyrmancer blinks!
A deep elf zephyrmancer comes into view.
It is wielding a +0 long sword.
You hear a shout! 😱 HP[-7] MP[-2]
You take 7 damage, and now have 7/109 hp.
You lost 2 mp, and now have 18/33 mp.
Unknown command.
Casting: Stone Arrow (safe; 1% risk of failure)
Confirm with . or Enter, or press ? or * to list all spells.
Aiming: Iron Shot (dangerous; 1% risk of failure)
Press: ? - help, Shift-Dir - straight line, f/p - deep elf zephyrmancer
Aim: a deep elf zephyrmancer, wielding a +0 dagger and wearing a +0 leather armour (heavily wounded, 71% to hit)
You feel a surge of power!
The iron shot hits the deep elf pyromancer!!!
You kill the deep elf pyromancer!
Vehumet accepts your kill.
You feel your power returning.
The deep elf zephyrmancer casts a spell at you.
The bolt of lightning hits you. You resist.
* * * LOW HITPOINT WARNING * * *
😱 MP[-4]
You lost 4 mp, and now have 14/33 mp.
Unknown command.
Casting: Iron Shot (dangerous; 1% risk of failure)
Confirm with . or Enter, or press ? or * to list all spells.
Aiming: Iron Shot (dangerous; 1% risk of failure)
Press: ? - help, Shift-Dir - straight line, f/p - deep elf zephyrmancer
Aim: a deep elf zephyrmancer, wielding a +0 dagger and wearing a +0 leather armour (heavily wounded, 71% to hit)
You feel a surge of power!
The iron shot hits the deep elf zephyrmancer!!!!
You kill the deep elf zephyrmancer!
Vehumet accepts your kill.
You feel your power returning.
The deep elf zephyrmancer gestures wildly while chanting.
The deep elf zephyrmancer blinks!
The deep elf zephyrmancer hits you but does no damage. x2 😱 HP[+1] MP[-2]
You lost 2 mp, and now have 12/33 mp.
Unknown command.
Casting: Iron Shot (dangerous; 1% risk of failure)
Confirm with . or Enter, or press ? or * to list all spells.
Aiming: Iron Shot (dangerous; 1% risk of failure)
Press: ? - help, Shift-Dir - straight line, f - deep elf zephyrmancer
Aim: a deep elf zephyrmancer, wielding a +0 short sword of speed (71% to hit)
You feel a surge of power!
The iron shot hits the deep elf zephyrmancer!!
A deep elf zephyrmancer comes into view.
It is wielding a +0 long sword.
The deep elf zephyrmancer misses you. 😱 HP[+1] MP[-5]
You lost 5 mp, and now have 7/33 mp.
Unknown command.
Casting: Iron Shot (dangerous; 1% risk of failure)
Confirm with . or Enter, or press ? or * to list all spells.
Aiming: Iron Shot (dangerous; 1% risk of failure)
Press: ? - help, Shift-Dir - straight line, f/p - deep elf zephyrmancer
Aim: a deep elf zephyrmancer, wielding a +0 short sword of speed (almost dead, 71% to hit)
You feel a surge of power!
The iron shot misses the deep elf zephyrmancer.
The deep elf zephyrmancer mumbles some strange words.
The deep elf zephyrmancer blinks!
The deep elf zephyrmancer gestures at you while chanting.
The bolt of lightning hits you! You resist.
You die...

Skill      XL: |  1  2  3  4  5  6  7  8  9 10 11 12 13 14 15 16 |
---------------+-------------------------------------------------+-----
Conjurations   | 1 2 3 4 5 6 7 9 10 11 12 13 14 | 14.4
Earth Magic    | 4 5 6 7 8 9 10 11 12 13 14 15 | 15.7
Spellcasting   | 3 4 5 6 7 8 9 10 11 12 | 12.4
Fighting       | 1 3 5 6 7 9 10 12 13 | 13.3
Armour         | 2 3 4 6 7 8 9 10 12 13 | 13.3
Dodging        | 2 3 4 5 6 7 8 |  8.3
Stealth        | |  2.1
Transmutations | |  0.7

Action                     |  1- 3 |  4- 6 |  7- 9 | 10-12 | 13-15 | 16-18 || total
---------------------------+-------+-------+-------+-------+-------+-------++-------
  Melee: Unarmed           |    31 |       |    15 |       |       |       ||    46
         Punch             |       |       |     1 |     1 |       |       ||     2
         Scimitar          |       |       |       |    14 |       |       ||    14
         Staff             |       |       |       |     5 |    20 |    10 ||    35
   Cast: Sandblast         |    42 |   107 |    89 |   157 |   220 |   100 ||   715
         Stone Arrow       |       |       |    59 |   222 |   401 |   209 ||   891
         Iron Shot         |       |       |       |       |    41 |    80 ||   121
  Evoke: Piece from Xom's  |       |       |       |       |     1 |       ||     1
    Use: Scroll            |     4 |     8 |     4 |    10 |     6 |     4 ||    36
         Potion            |       |       |       |       |     1 |     3 ||     4
 Armour: Robe              |    15 |    33 |    49 |       |       |       ||    97
         Leather armour    |       |       |       |    71 |       |       ||    71
         Chain mail        |       |       |       |   109 |   547 |   375 ||  1031
  Dodge: Dodged            |    27 |    47 |    47 |   126 |   212 |   152 ||   611

Levels and vault maps discovered:
D:1:      psy_arrival_fountain, layout_loops_cross, serial_shops, shop
D:2:      layout_loops_ring, basic_altar, grunt_decor_fettered, uniq_natasha
D:3:      layout_rooms, chequers_temple_overflow_statue_of_worship,
          nicolae_dithmenos_the_darkroom
D:4:      nicolae_cairo_tiling_very_big, layout_rooms, temple_hall,
          serial_shops, nicolae_shop_stone, minmay_fractal_squares_5
D:5:      layout_basic, serial_corexii_hall, chequers_hall_statues_wall_a,
          chequers_hall_statues_corner_a, serial_shops, nicolae_lakefront_shop,
          minmay_misc_feat_hallway, solitary_fountain
D:6:      layout_loops_cross, grunt_gozag_statues, kiku_gazebo_garden_becter,
          makhleb_blood_cavern_becter, trog_wizard,
          chequers_serial_rivers_large_a, chequers_decorated_corner,
          nicolae_specific_store
D:7:      layout_gridville, nicolae_qazlal_general_emergency,
          corexii_checkpoint_a
D:8:      corexii_shantytown, layout_cave_pools, minmay_diamond_spiral,
          uniq_maurice, uniq_prince_ribbit1, uniq_gastronok
D:9:      layout_roguey, worldfamousw_hep_ancestral_shrine, orc_0_dummy
D:10:     layout_loops_corners, grunt_ashenzari_visionary
          [grunt_ashenzari_visionary_shoals, grunt_ashenzari_visionary_snake],
          grunt_ministairs_11
D:11:     layout_grid_maze, dpeg_oklobed_lair, uniq_sonja
D:12:     layout_basic
D:13:     layout_small_grid, david_vaults_3, portal_ice_cave_entry_pillars_2,
          gammafunk_ghost_hive
D:14:     layout_stronghold, yredelemnul_altar_generic
D:15:     grunt_enter_depths_hoard, layout_cave_pools, serial_shops,
          nicolae_shop_crystal, uniq_kirke
Temple:   nicolae_temple_hex_pool
Lair:1:   layout_roguey, serial_bayou_lake_a, lemuel_fruit_tree,
          serial_bayou_shore_b
Lair:2:   layout_roguey, minmay_shoals_entry_hut, grunt_megastairs_3
Lair:3:   minmay_lair_venomous_thicket, layout_regular_city,
          nicolae_snake_entry_squirm, gauntlet_entry_generic,
          chequers_serial_rivers_room_b, grunt_megastairs_1, uniq_fannar
Lair:4:   layout_roguey, grunt_megastairs_5
Lair:5:   wormcave, layout_regular_city, hangedman_lair_caniforms_friends,
          slime_entry_1, wad_woods_road_02
Orc:1:    layout_caves, serial_shops, shop, lemuel_statue_altar, uniq_urug,
          uniq_erolcha, uniq_jorgrun, uniq_nergalle
Orc:2:    grunt_orc_tribal_feast, layout_diamond_mine, serial_shops, shop,
          roderic_batcave
Elf:1:    nicolae_elf_arrival_fired_up, layout_loops_cross, minivault_28,
          uniq_azrael

Notes
Turn   | Place    | Note
-------+----------+-------------------------------------------
     0 | D:1      | kae the Gargoyle Earth Elementalist began the quest for the
                  | Orb.
     0 | D:1      | Reached XP level 1. HP: 10/10 MP: 3/3
     0 | D:1      | magus.rc [v1.11.3]
   147 | D:1      | Reached XP level 2. HP: 15/15 MP: 3/5
   299 | D:1      | Reached skill level 1 in Conjurations
   386 | D:1      | Reached skill level 4 in Earth Magic
   587 | D:1      | Reached XP level 3. HP: 19/19 MP: 4/6
   591 | D:1      | Learned a level 3 spell: Stone Arrow
   594 | D:1      | Learned a level 2 spell: Passwall
   812 | D:1      | Found Haujapn's General Store.
   855 | D:1      | Bought a scroll of identify for 28 gold pieces
   944 | D:2      | Found an opulent altar of Gozag.
  1006 | D:2      | Noticed Natasha
  1012 | D:2      | Killed Natasha
  1013 | D:2      | Reached skill level 2 in Conjurations
  1013 | D:2      | Reached XP level 4. HP: 24/24 MP: 2/8
  1201 | D:2      | Noticed Natasha
  1202 | D:2      | Killed Natasha
  1226 | D:2      | Reached skill level 3 in Spellcasting
  1419 | D:2      | Noticed Natasha
  1425 | D:2      | Killed Natasha
  1426 | D:2      | Reached XP level 5. HP: 28/28 MP: 4/9
  1810 | D:3      | Reached skill level 5 in Earth Magic
  1873 | D:3      | Found a white marble altar of Elyvilon.
  1964 | D:3      | Found a shadowy altar of Dithmenos.
  2258 | D:3      | Found an iron altar of Okawaru.
  2372 | D:4      | Found Lavaber's Distillery.
  2380 | D:4      | Learned a level 4 spell: Petrify
  2387 | D:4      | Bought a potion of degeneration for 10 gold pieces
  2438 | D:4      | Reached skill level 3 in Conjurations
  2558 | D:3      | Reached XP level 6. HP: 20/32 MP: 3/11
  3037 | D:4      | You pick up a book of Unlife and begin reading...
  3037 | D:4      | You add the spells Animate Dead, Borgnjor's Vile Clutch and
                  | Death Channel to your library.
  3069 | D:4      | You pick up a book of Winter and begin reading...
  3069 | D:4      | You add the spells Ozocubu's Armour, Metabolic Englaciation
                  | and Simulacrum to your library.
  3207 | D:4      | Found a staircase to the Ecumenical Temple.
  3216 | Temple   | Entered the Ecumenical Temple
  3271 | Temple   | Became a worshipper of Vehumet
  3532 | D:5      | Entered Level 5 of the Dungeon
  3564 | D:5      | Reached skill level 4 in Spellcasting
  3572 | D:5      | Reached skill level 4 in Conjurations
  3572 | D:5      | Reached skill level 6 in Earth Magic
  3619 | D:5      | Reached XP level 7. HP: 36/36 MP: 8/13
  3666 | D:5      | Reached skill level 1 in Fighting
  3666 | D:5      | Reached skill level 1 in Armour
  3921 | D:5      | Identified the +1 leather armour "Getuumn" {rPois Will-
                  | Int+4}
  3965 | D:5      | Reached skill level 2 in Dodging
  4513 | D:5      | Found Gekyol's Distillery.
  4523 | D:5      | Bought a potion of curing for 39 gold pieces
  4563 | D:5      | Reached skill level 2 in Armour
  4563 | D:5      | Reached XP level 8. HP: 44/44 MP: 11/15
  4790 | D:6      | Reached skill level 2 in Fighting
  4790 | D:6      | Reached skill level 5 in Conjurations
  4891 | D:6      | Found an opulent altar of Gozag.
  5040 | D:6      | Reached skill level 7 in Earth Magic
  5041 | D:6      | Reached * piety under Vehumet
  5041 | D:6      | Offered knowledge of Freeze by Vehumet.
  5059 | D:6      | Found Qops's Specific Store.
  5063 | D:6      | Found Liloany's General Store.
  5082 | D:6      | Found an ancient bone altar of Kikubaaqudgha.
  5135 | D:6      | Reached skill level 5 in Spellcasting
  5171 | D:6      | You pick up a book of Frost and begin reading...
  5171 | D:6      | You add the spells Freeze, Frozen Ramparts and Hailstorm to
                  | your library.
  5424 | D:6      | Reached skill level 3 in Armour
  5492 | D:6      | Reached skill level 3 in Fighting
  5492 | D:6      | Reached skill level 3 in Dodging
  5763 | D:6      | Found a burning altar of Makhleb.
  5830 | D:6      | Found a bloodstained altar of Trog.
  5833 | D:6      | Noticed a wizard
  5838 | D:6      | Killed a wizard
  6083 | D:7      | Reached XP level 9. HP: 51/51 MP: 6/17
  6325 | D:7      | Reached skill level 6 in Conjurations
  6407 | D:7      | Reached skill level 4 in Fighting
  6554 | D:7      | Reached skill level 4 in Armour
  6680 | D:7      | Found a stormy altar of Qazlal.
  7075 | D:8      | Noticed a two-headed ogre
  7076 | D:8      | Noticed Maurice
  7190 | D:8      | Reached skill level 8 in Earth Magic
  7223 | D:8      | Reached skill level 4 in Dodging
  7230 | D:8      | Offered knowledge of Magic Dart by Vehumet.
  7244 | D:8      | Reached ** piety under Vehumet
  7265 | D:8      | You pick up a book of Party Tricks and begin reading...
  7265 | D:8      | You add the spells Apportation and Alistair's Intoxication
                  | to your library.
  7299 | D:8      | Reached skill level 6 in Spellcasting
  7327 | D:8      | Noticed a red ugly thing
  7329 | D:8      | Noticed a manticore
  7364 | D:8      | Noticed a cyclops
  7522 | D:8      | Noticed Gastronok
  7542 | D:8      | Reached skill level 5 in Fighting
  7633 | D:8      | Reached XP level 10. HP: 59/59 MP: 19/19
  7797 | D:8      | Killed a two-headed ogre
  7798 | D:8      | Reached skill level 5 in Armour
  7798 | D:8      | Reached skill level 7 in Conjurations
  8150 | D:8      | Noticed Prince Ribbit
  8155 | D:8      | Killed Prince Ribbit
  8258 | D:8      | Offered knowledge of Searing Ray by Vehumet.
  8349 | D:8      | Killed a manticore
  8350 | D:8      | Reached skill level 9 in Earth Magic
  8520 | D:8      | HP: 12/60 [red ugly thing (20)]
  8522 | D:8      | Killed a red ugly thing
  8765 | D:9      | Found a staircase to the Orcish Mines.
  8796 | D:9      | Reached skill level 6 in Fighting
  8796 | D:9      | Reached skill level 5 in Dodging
  8801 | D:9      | Reached *** piety under Vehumet
  8919 | D:9      | Reached skill level 6 in Armour
  8954 | D:9      | Reached skill level 7 in Spellcasting
  9037 | D:9      | Found a hazy altar of Hepliaklqana.
  9280 | D:9      | Reached XP level 11. HP: 66/66 MP: 13/21
  9289 | D:9      | Reached skill level 8 in Conjurations
  9292 | D:9      | Offered knowledge of Olgreb's Toxic Radiance by Vehumet.
  9825 | D:10     | Entered Level 10 of the Dungeon
  9863 | D:9      | Reached **** piety under Vehumet
  9970 | D:10     | Offered knowledge of Fireball by Vehumet.
  9971 | D:10     | Reached skill level 10 in Earth Magic
 10030 | D:10     | Reached skill level 7 in Fighting
 10747 | D:10     | Noticed a two-headed ogre
 10750 | D:10     | Killed a two-headed ogre
 10751 | D:10     | Reached skill level 7 in Armour
 10957 | D:10     | Found a broken altar of Ashenzari.
 10961 | D:10     | Saw a vision of the Shoals and the Snake Pit.
 10961 | D:10     | Noticed a salamander
 10961 | D:10     | Noticed an anaconda
 10961 | D:10     | Noticed an anaconda
 10961 | D:10     | Noticed a naga ritualist
 10961 | D:10     | Noticed a harpy
 10961 | D:10     | Noticed a harpy
 10961 | D:10     | Noticed a sea snake
 10961 | D:10     | Noticed a skyshark
 10962 | D:10     | Noticed a harpy
 10962 | D:10     | Noticed a mana viper
 11063 | D:8      | Killed Gastronok
 11064 | D:8      | Reached skill level 6 in Dodging
 11198 | D:8      | Killed Maurice
 11306 | D:8      | Identified the +1 chain mail of Past Mistakes {rPois Regen+
                  | Int+3 Dex-2}
 11506 | D:8      | Killed a cyclops
 11752 | D:11     | Noticed Sonja
 11761 | D:11     | Killed Sonja
 11762 | D:11     | Reached skill level 8 in Spellcasting
 11762 | D:11     | Reached skill level 9 in Conjurations
 11762 | D:11     | Reached XP level 12. HP: 73/73 MP: 7/24
 11918 | D:11     | Noticed a two-headed ogre
 11922 | D:11     | Killed a two-headed ogre
 12048 | D:11     | Reached skill level 8 in Fighting
 12056 | D:11     | Found a staircase to the Lair.
 12104 | D:11     | Reached skill level 8 in Armour
 12223 | D:11     | Reached skill level 11 in Earth Magic
 12593 | D:11     | Identified the +6 war axe "Ebretoq" {antimagic, rN+ Int+3}
 12753 | Lair:1   | Entered Level 1 of the Lair of Beasts
 12820 | Lair:1   | You pick up a book of Geomancy and begin reading...
 12974 | Lair:1   | Noticed a death yak
 12974 | Lair:1   | Noticed a death yak
 12975 | Lair:1   | Noticed a death yak
 13311 | Lair:1   | Noticed a death yak
 13342 | Lair:1   | Killed a death yak
 13366 | Lair:1   | Killed a death yak
 13416 | Lair:1   | Killed a death yak
 13424 | Lair:1   | Killed a death yak
 13425 | Lair:1   | Reached skill level 7 in Dodging
 13430 | Lair:1   | HP: 17/75 [komodo dragon (9)]
 13432 | Lair:1   | Reached skill level 10 in Conjurations
 13807 | Lair:2   | Reached skill level 9 in Fighting
 13870 | Lair:2   | Reached XP level 13. HP: 61/80 MP: 23/25
 13880 | Lair:2   | Reached skill level 9 in Armour
 13889 | Lair:2   | Reached skill level 9 in Spellcasting
 14080 | Lair:2   | HP: 15/80 [cane toad (14)]
 14183 | Lair:2   | Reached ***** piety under Vehumet
 14184 | Lair:2   | Reached skill level 12 in Earth Magic
 14310 | Lair:2   | Found a staircase to the Shoals.
 14442 | Lair:2   | Offered knowledge of Airstrike by Vehumet.
 14614 | Lair:2   | Identified a potion of experience
 14615 | Lair:2   | Reached skill level 11 in Conjurations
 14615 | Lair:2   | Gained mutation: Your large and strong wings let you fly.
                  | [Gargoyle growth]
 14615 | Lair:2   | Reached XP level 14. HP: 87/87 MP: 27/27
 14868 | Lair:3   | Found a gate leading to a gauntlet.
 14890 | Gauntlet | Entered a Gauntlet
 14890 | Gauntlet | Found a transporter.
 14900 | Gauntlet | Found a transporter.
 14900 | Gauntlet | Found a transporter.
 14909 | Gauntlet | Found a transporter.
 14924 | Gauntlet | Found a transporter.
 14926 | Gauntlet | Found a large runed translucent door.
 14926 | Gauntlet | Found a large runed translucent door.
 14927 | Gauntlet | Found a large runed translucent door.
 14927 | Gauntlet | Found a large runed translucent door.
 14928 | Gauntlet | Found a large runed translucent door.
 14928 | Gauntlet | Found a large runed translucent door.
 14928 | Gauntlet | Found a runed translucent door.
 14928 | Gauntlet | Found a runed translucent door.
 14928 | Gauntlet | Found a large runed translucent door.
 14929 | Gauntlet | Found a transporter.
 14929 | Gauntlet | Found a large runed translucent door.
 14929 | Gauntlet | Found a large runed translucent door.
 14946 | Gauntlet | Found a transporter.
 14962 | Gauntlet | Found a large runed translucent door.
 14963 | Gauntlet | Found a large runed translucent door.
 14964 | Gauntlet | Found a large runed translucent door.
 14965 | Gauntlet | Found a runed translucent gate.
 14966 | Gauntlet | Found a transporter.
 14966 | Gauntlet | Found a runed translucent gate.
 14967 | Gauntlet | Found a runed translucent gate.
 14967 | Gauntlet | Found the +8 lance "Wyrmbane" {slay drac, rPois rF+ rC+
                  | AC+3}
 14968 | Gauntlet | Found a large runed translucent door.
 14969 | Gauntlet | Found a large runed translucent door.
 14970 | Gauntlet | Found a large runed translucent door.
 14978 | Gauntlet | Found a transporter.
 14980 | Gauntlet | Found a large runed translucent door.
 14997 | Gauntlet | Found a transporter.
 15002 | Gauntlet | Found a transporter.
 15017 | Gauntlet | Found a transporter.
 15022 | Gauntlet | Found a transporter.
 15039 | Gauntlet | Found a transporter.
 15062 | Gauntlet | Found a transporter.
 15081 | Gauntlet | Found a transporter.
 15108 | Gauntlet | Found a transporter.
 15134 | Gauntlet | Reached skill level 10 in Fighting
 15153 | Gauntlet | Reached skill level 8 in Dodging
 15186 | Gauntlet | Found a transporter.
 15280 | Gauntlet | Identified the ring of Paranoia {Fly rPois}
 15319 | Gauntlet | Reached skill level 10 in Armour
 15319 | Gauntlet | Reached skill level 10 in Spellcasting
 15345 | Gauntlet | Identified the +0 pair of boots of the Maze {Harm Int+4}
 15436 | Gauntlet | You add the spells Lightning Bolt, Iron Shot and Orb of
                  | Destruction to your library.
 15436 | Gauntlet | Got the Lessons on the Violent Gargoyle
 15690 | Lair:3   | Identified the +5 falchion of the Madman {protect, +Blink
                  | rC++ Int+5}
 16131 | Lair:3   | Noticed Fannar
 16141 | Lair:3   | Killed Fannar
 16232 | Lair:3   | Found a staircase to the Snake Pit.
 16288 | Lair:3   | Learned a level 6 spell: Iron Shot
 16420 | Lair:3   | Reached skill level 13 in Earth Magic
 16577 | Lair:4   | Reached skill level 12 in Conjurations
 16600 | Lair:4   | You pick up a book of Storms and begin reading...
 16600 | Lair:4   | You add the spells Airstrike and Summon Lightning Spire to
                  | your library.
 16687 | Lair:4   | Reached XP level 15. HP: 93/93 MP: 23/29
 17259 | Lair:5   | Entered Level 5 of the Lair of Beasts
 17272 | Lair:5   | Reached skill level 11 in Fighting
 17272 | Lair:5   | Offered knowledge of Irradiate by Vehumet.
 17322 | Lair:5   | Reached skill level 11 in Armour
 17901 | Lair:5   | Reached skill level 11 in Spellcasting
 18202 | Lair:5   | Reached skill level 14 in Earth Magic
 18358 | Lair:5   | Found a staircase to the Slime Pits.
 18358 | Lair:5   | Found a viscous altar of Jiyva.
 18411 | Lair:5   | Found a runed translucent door.
 18476 | Lair:5   | Offered knowledge of Yara's Violent Unravelling by Vehumet.
 18479 | Lair:5   | HP: 23/96 [tyrant leech (21)]
 18645 | Lair:5   | Reached skill level 13 in Conjurations
 18657 | Lair:5   | HP: 23/96 [hornet (13)]
 18659 | Lair:5   | HP: 5/96 [hornet (9)]
 19747 | D:12     | Identified the +6 quarterstaff of the Original Sin {pain,
                  | Will+ Int-3 Dex+5}
 19933 | D:12     | Reached skill level 12 in Fighting
 20066 | D:12     | Reached skill level 12 in Armour
 20121 | D:12     | You pick up a book of Alchemy and begin reading...
 20204 | D:12     | Reached ****** piety under Vehumet
 20402 | D:13     | Found a gate to the Vaults.
 20415 | D:13     | Reached XP level 16. HP: 56/101 MP: 31/31
 20441 | D:13     | Found a frozen archway.
 20456 | IceCv    | Entered an ice cave
 20483 | IceCv    | Found a transporter.
 20492 | IceCv    | Found a transporter.
 20798 | D:13     | Offered knowledge of Conjure Ball Lightning by Vehumet.
 21093 | D:13     | Noticed Nuacieket's ghost (journeyman TrFi)
 21115 | D:13     | Found a transporter.
 21120 | D:13     | Found a transporter.
 21537 | D:13     | Killed Nuacieket's ghost
 21659 | D:14     | You pick up a book of Geomancy and begin reading...
 21683 | D:14     | You are sucked into a shaft and drop 1 floor!
 21683 | D:15     | Entered Level 15 of the Dungeon
 21717 | D:15     | You pick up a book of Geomancy and begin reading...
 21735 | D:15     | You pick up a book of Debilitation and begin reading...
 21735 | D:15     | You add the spells Slow, Vampiric Draining and Confusing
                  | Touch to your library.
 21781 | D:14     | Found a basalt altar of Yredelemnul.
 22677 | D:14     | Reached skill level 15 in Earth Magic
 23089 | D:15     | Noticed Kirke
 23107 | D:15     | Noticed a sphinx
 23110 | D:15     | Killed Kirke
 23111 | D:15     | Reached skill level 12 in Spellcasting
 23268 | D:15     | Found Balleuh's Distillery.
 23359 | D:15     | Identified the +3 chain mail of Action {Harm rC+ Dex+3}
 23407 | D:15     | Found a staircase to the Depths.
 23691 | Orc:1    | Entered Level 1 of the Orcish Mines
 23691 | Orc:1    | Noticed Jorgrun
 23697 | Orc:1    | Noticed Urug
 23698 | Orc:1    | Noticed Erolcha
 23699 | Orc:1    | Noticed Nergalle
 23703 | D:9      | Killed Jorgrun
 23740 | D:9      | Killed Urug
 23861 | Orc:1    | Reached skill level 14 in Conjurations
 23861 | Orc:1    | Killed Erolcha
 23862 | Orc:1    | Offered knowledge of Ozocubu's Refrigeration by Vehumet.
 23876 | Orc:1    | Killed Nergalle
 23936 | Orc:1    | Reached skill level 13 in Fighting
 24006 | Orc:1    | Found Karui's Magic Scroll Shoppe.
 24209 | Orc:2    | Entered Level 2 of the Orcish Mines
 24403 | Orc:2    | Found a staircase to the Elven Halls.
 24486 | Orc:2    | Found Fatuhunk's Armour Shoppe.
 24495 | Orc:2    | Bought the +1 pair of gloves of Generosity {Int+4 Dex+4
                  | SInv} for 487 gold pieces
 24539 | Orc:2    | Reached skill level 13 in Armour
 24914 | Orc:2    | Found Ytimummi's Antique Weapon Emporium.
 24914 | Orc:2    | Found Vesu's Distillery.
 24916 | Orc:2    | Found Poofie's Magic Scroll Shop.
 24916 | Orc:2    | Found Ketinene's Antique Armour Emporium.
 24930 | Orc:2    | Bought a scroll of acquirement for 780 gold pieces
 24930 | Orc:2    | Acquired 603 gold pieces
 25043 | Elf:1    | Entered Level 1 of the Elven Halls
 25063 | Elf:1    | HP: 25/104 [burnt (7)]
 25206 | Elf:1    | You pick up a book of the Moon and begin reading...
 25206 | Elf:1    | You add the spells Passage of Golubria, Silence and
                  | Lehudib's Crystal Spear to your library.
 25216 | Elf:1    | Learned a level 8 spell: Lehudib's Crystal Spear
 25235 | Elf:1    | Paralysed by an air elemental for 1 turns
 25355 | Elf:1    | HP: 9/104 [deep elf knight/lance of force (24)]
 25360 | Elf:1    | HP: 21/104 [burnt (2)]
 25370 | Elf:1    | HP: 23/104 [fire elemental[a deep elf pyromancer] (10)]
 25371 | Elf:1    | Reached XP level 17. HP: 24/109 MP: 10/33
 25376 | Elf:1    | HP: 25/109 [air elemental/stunning burst (4)]
 25376 | Elf:1    | HP: 12/109 [deep elf zephyrmancer/bolt of lightning (13)]
 25383 | Elf:1    | Killed from afar by a deep elf zephyrmancer

Vanquished Creatures
  Jorgrun (D:9)
  Gastronok (D:8)
  Kirke (D:15)
  A deep elf sorcerer (Elf:1)
  The ghost of Nuacieket the Grappler, a journeyman TrFi of Okawaru (D:13)
  A minotaur (Gauntlet)
  A fire dragon (Lair:5)
  A great orb of eyes (Gauntlet)
  8 hydras
  2 ice dragons (D:15)
  Fannar (Lair:3)
  Erolcha (Orc:1)
  5 centaur warriors
  A boulder beetle (D:14)
  5 two-headed ogres
  4 death yaks (Lair:1)
  3 orc high priests (Orc:2)
  Urug (D:9)
  Nergalle (Orc:1)
  Sonja (D:11)
  3 deep elf knights (Elf:1)
  A deep elf archer (Elf:1)
  2 oklob plants (D:11)
  A lindwurm (Lair:5)
  12 deep elf pyromancers
  3 deep elf zephyrmancers (Elf:1)
  3 orc sorcerers (Orc:2)
  10 ugly things
  A faun (shapeshifter) (D:15)
  6 cyclopes
  6 orc knights
  5 manticores
  9 elephants
  A moth of wrath (Gauntlet)
  5 black mambas
  Maurice (D:8)
  2 ice statues (IceCv)
  6 torpor snails (Lair:5)
  2 unseen horrors
  19 cane toads
  2 minotaur zombies (Gauntlet)
  4 rime drakes
  10 komodo dragons
  A queen bee (D:13)
  6 trolls
  3 meliai (D:13)
  11 polar bears
  Prince Ribbit (D:8)
  A wolf spider simulacrum (D:14)
  10 hornets
  4 tyrant leeches (Lair:5)
  A snapping turtle (Lair:2)
  4 dream sheep (Lair:4)
  7 blink frogs
  A raiju (Lair:5)
  An air elemental (Elf:1)
  4 shadows
  11 slime creatures
  2 vampires (D:9)
  6 wyverns
  67 yaks
  16 humans (D:13)
  3 wraiths
  3 basilisks
  A human (shapeshifter) (D:14)
  A death yak simulacrum (IceCv)
  3 hogs (D:15)
  4 vampire mosquitoes (D:13)
  6 wargs
  3 nagas (Lair:3)
  3 acid dragons
  3 swamp worms (Gauntlet)
  16 water moccasins
  16 hell hounds (Lair:5)
  20 orc warriors
  3 sky beasts
  An ice beast (D:6)
  13 black bears
  2 ogres (D:9)
  29 wolves
  7 centaurs
  3 phantoms
  9 bullfrogs
  5 necrophages
  3 gnoll sergeants
  5 scorpions
  17 wights
  9 killer bees
  3 howler monkeys
  3 electric eels
  6 jellies
  3 hounds (D:5)
  2 gnoll boudas
  18 orc priests
  A polar bear simulacrum (IceCv)
  Natasha (thrice) (D:2)
  An iguana (D:5)
  20 orc wizards
  A hound skeleton (D:6)
  25 gnolls
  13 adders
  A white imp (D:7)
  A worm (D:2)
  3 dart slugs
  53 orcs
  15 bats
  9 endoplasms
  5 giant cockroaches
  17 goblins
  11 hobgoblins
  10 jackals
  13 kobolds
  2 quokkas
  6 ball pythons
  5 frilled lizards
  4 rats
754 creatures vanquished.

Vanquished Creatures (others)
  A wizard (D:6)
  An air elemental (Elf:1)
  3 orc wizards
  A bush (Lair:3)
  14 demonic plants (Gauntlet)
  48 fungi
  114 plants
  13 withered plants (D:6)
195 creatures vanquished.

Grand Total: 949 creatures vanquished

Table legend:
 A = Non-vault XP
 B = Vault XP
 C = Vault XP percentage of total XP
 D = Non-vault monster count
 E = Vault monster count
 F = Vault count percentage of total count
                 A         B        C        D         E       F
            +---------+---------+-------+---------+---------+-------
      Total |   93360 |   63791 |  40.6 |     498 |     256 |  34.0
            +---------+---------+-------+---------+---------+-------
        D:1 |      46 |       0 |   0.0 |      28 |       0 |   0.0
        D:2 |     100 |      35 |  25.9 |      17 |       1 |   5.6
        D:3 |      82 |       0 |   0.0 |      19 |       0 |   0.0
        D:4 |     130 |     110 |  45.8 |      19 |       8 |  29.6
        D:5 |     813 |       0 |   0.0 |      16 |       0 |   0.0
        D:6 |     879 |      97 |   9.9 |      16 |       2 |  11.1
        D:7 |    1162 |       3 |   0.3 |      15 |       2 |  11.8
        D:8 |    2350 |    4266 |  64.5 |      24 |      32 |  57.1
        D:9 |    5032 |    2648 |  34.5 |      54 |       2 |   3.6
       D:10 |    2167 |    1030 |  32.2 |      14 |       2 |  12.5
       D:11 |    4395 |    1988 |  31.1 |      16 |       3 |  15.8
       D:12 |    5668 |       0 |   0.0 |      21 |       0 |   0.0
       D:13 |    5672 |    8285 |  59.4 |      20 |      30 |  60.0
       D:14 |    5950 |       0 |   0.0 |      14 |       0 |   0.0
       D:15 |    5113 |    3760 |  42.4 |      13 |       6 |  31.6
     Lair:1 |    5790 |       0 |   0.0 |      17 |       0 |   0.0
     Lair:2 |    8773 |     882 |   9.1 |      34 |       4 |  10.5
     Lair:3 |    4930 |    4202 |  46.0 |      21 |      21 |  50.0
     Lair:4 |   12161 |    1126 |   8.5 |      37 |       4 |   9.8
     Lair:5 |   11161 |   17555 |  61.1 |      32 |      77 |  70.6
      Orc:1 |     878 |    1628 |  65.0 |      18 |       2 |  10.0
      Orc:2 |    1352 |    7472 |  84.7 |      20 |      37 |  64.9
      Elf:1 |    8756 |    1806 |  17.1 |      13 |       3 |  18.8
      IceCv |       0 |    2133 | 100.0 |       0 |       6 | 100.0
   Gauntlet |       0 |    4765 | 100.0 |       0 |      14 | 100.0
            +---------+---------+-------+---------+---------+-------

Illustrated notes

Table legend:
 A = Kills in this place as a percentage of kills in entire the game.
 B = Kills by you in this place as a percentage of kills by you in the entire game.
 C = Kills by friends in this place as a percentage of kills by friends in the entire game.
 D = Other kills in this place as a percentage of other kills in the entire game.
 E = Experience gained in this place as a percentage of experience gained in the entire game.
 F = Experience gained in this place divided by the number of levels of this place that you have seen.
                   A       B       C       D       E      F
               +-------+-------+-------+-------+-------+----------------------
         Total | 100.0 | 100.0 |   N/A |   N/A | 100.0 | 6044.3
       Dungeon |  52.3 |  52.3 |   N/A |   N/A |  39.3 | 4118.7
          Lair |  32.8 |  32.8 |   N/A |   N/A |  42.4 | 13316.0
  Orcish Mines |  10.2 |  10.2 |   N/A |   N/A |   7.2 | 5665.0
   Elven Halls |   2.1 |   2.1 |   N/A |   N/A |   6.7 | 10562.0
      Ice Cave |   0.8 |   0.8 |   N/A |   N/A |   1.4 | 2133.0
      Gauntlet |   1.9 |   1.9 |   N/A |   N/A |   3.0 | 4765.0
               +-------+-------+-------+-------+-------+----------------------

Table legend: (Time is in decaauts)
 A = Elapsed time spent in this place.
 B = Non-inter-level travel time spent in this place.
 C = Inter-level travel time spent in this place.
 D = Time resting spent in this place.
 E = Time spent auto-exploring this place.
 F = Levels seen in this place.
 G = Mean time per level.
                   A        B        C        D        E       F      G
               +--------+--------+--------+--------+--------+-----+--------+
         Total |  25860 |  24544 |   1316 |   1664 |  18650 |  26 |  994.6 |
       Dungeon |  17109 |  16135 |    974 |   1244 |  12581 |  15 | 1140.6 |
        Temple |    102 |     82 |     20 |      0 |     66 |   1 |  102.0 |
          Lair |   6197 |   5991 |    206 |    175 |   4550 |   5 | 1239.4 |
  Orcish Mines |   1236 |   1122 |    114 |     13 |    840 |   2 |  618.0 |
   Elven Halls |    353 |    353 |      0 |     17 |    213 |   1 |  353.0 |
      Ice Cave |    253 |    253 |      0 |    100 |     67 |   1 |  253.0 |
      Gauntlet |    607 |    607 |      0 |    114 |    333 |   1 |  607.0 |
               +--------+--------+--------+--------+--------+-----+--------+

Top non-repeatable levels by time:
     D:8: 2131 daAuts
  Lair:5: 2067 daAuts
    D:11: 1364 daAuts
    D:14: 1345 daAuts
     D:9: 1339 daAuts
     D:6: 1316 daAuts
    D:10: 1256 daAuts
     D:7: 1207 daAuts
  Lair:3: 1175 daAuts
     D:5: 1161 daAuts
  Lair:1: 1075 daAuts
    D:13: 1053 daAuts
     D:4: 971 daAuts
     D:1: 961 daAuts
  Lair:2: 955 daAuts
